 Dungeon Crawl Stone Soup version 0.29-a0-823-gc37b1572da (webtiles) character file.

Game seed: 1504805854120975635

751 iguanaiguana the Insei (level 7, -4/43 HPs)
             Began as an Octopode Transmuter on July 8, 2022.
             Was an Initiate of Hepliaklqana.
             Slain by a gnoll sergeant
             ... wielding a +1 trident of venom
              (13 damage)
             ... on level 5 of the Dungeon.
             The game lasted 00:14:50 (6726 turns).

iguanaiguana the Insei (Octopode Transmuter)        Turns: 6726, Time: 00:14:51

Health: -4/43      AC:  1    Str: 10    XL:     7   Next: 78%
Magic:  8/10       EV: 13    Int: 17    God:    Hepliaklqana [......]
Gold:   128        SH:  0    Dex: 12    Spells: 3/10 levels left

rFire   . . .      SeeInvis .     - Unarmed
rCold   . . .      Faith    .   (no shield)
rNeg    . . .      Spirit   .   (helmet currently unavailable)
rPois   .          Reflect  .   x - amulet of the acrobat
rElec   .          Harm     .   o - ring of willpower
rCorr   +          Rampage  .   u - ring of resist corrosion
Will    +....                   (no ring)
Stlth   ++........              (no ring)
HPRegen 0.14/turn               (no ring)
MPRegen 0.12/turn               (no ring)
                                (no ring)
                                (no ring)

@: appendages, wereblooded
A: tentacle spike 3, almost no armour, amphibious, 8 rings, camouflage 1,
gelatinous body 1, (nimble swimmer 1), tentacles
a: End Transformation, Renounce Religion


You were on level 5 of the Dungeon.
You worshipped Hepliaklqana.
Hepliaklqana was noncommittal.
One of your tentacles had grown a beastly spike.
You visited 2 branches of the dungeon, and saw 6 of its levels.

You collected 304 gold pieces.
You spent 176 gold pieces at shops.

Inventory:

Missiles
 s - 4 boomerangs
 t - 11 poisoned darts (quivered)
Jewellery
 o - a ring of willpower (left tentacle)
 u - a ring of resist corrosion (right tentacle)
 x - an amulet of the acrobat (around mantle)
Wands
 f - a wand of iceblast (7) {@v2}
Scrolls
 c - 2 scrolls of teleportation {@r3}
 e - 2 scrolls of enchant weapon
 i - a scroll of fear {unknown}
 l - a scroll of blinking {unknown}
 n - 2 scrolls of fog
 p - a scroll of amnesia {unknown}
 r - a scroll of noise {unknown}
 v - a scroll of silence {unknown}
 w - 4 scrolls of enchant armour {unknown}
Potions
 a - 3 potions of lignification
 b - a potion of mutation
 d - 2 potions of magic
 g - 3 potions of heal wounds {@q2}
 j - a potion of attraction {unknown}
 k - a potion of resistance {unknown}
 m - 4 potions of brilliance
 q - a potion of flight {unknown}
 z - a potion of cancellation {unknown}


   Skills:
 - Level 1.0 Fighting
 - Level 2.0 Dodging
 - Level 6.0 Unarmed Combat
 - Level 2.0 Spellcasting
 + Level 4.6 Transmutations
 + Level 4.7 Ice Magic


You had 3 spell levels left.
You knew the following spells:

 Your Spells              Type           Power      Damage    Failure   Level
a - Beastly Appendage     Tmut           34%        N/A       2%          1
b - Wereblood             Tmut           17%        N/A       4%          2
c - Ice Form              Ice/Tmut       17%        N/A       28%         4

Your spell library contained the following spells:

 Spells                   Type           Power      Damage    Failure   Level
 Magic Dart               Conj           4%         1d3       19%         1
 Spider Form              Tmut/Pois      9%         N/A       22%         3
 Call Imp                 Summ           1%         N/A       28%         2
 Gell's Gravitas          Tloc           1%         N/A       50%         3
 Lesser Beckoning         Tloc           1%         N/A       50%         3
 Mephitic Cloud           Conj/Pois/Air  1%         N/A       50%         3
 Summon Guardian Golem    Hex/Summ       1%         N/A       50%         3
 Teleport Other           Tloc           1%         N/A       50%         3
 Summon Ice Beast         Ice/Summ       9%         N/A       58%         4
 Fireball                 Conj/Fire      0%         3d3       99%         5
 Summon Mana Viper        Hex/Summ       1%         N/A       99%         5
 Starburst                Conj/Fire      0%         6d3       100%        6
 Haunt                    Necr/Summ      0%         N/A       100%        7
 Ignition                 Fire           0%         3d3       100%        8


Dungeon Overview and Level Annotations

Branches:
Dungeon (5/15) Zot: 23490  Temple (1/1) D:4 Zot: 5795

Altars:
Cheibriados
Dithmenos
Elyvilon
Fedhas
Hepliaklqana
Makhleb
Nemelex Xobeh
Ru
Sif Muna
Trog
Vehumet
Xom
Yredelemnul
Zin

Shops:
D:3 !

Annotations:
D:5 Grinder


Innate Abilities, Weirdness & Mutations

One of your tentacles has grown a beastly spike.
You cannot wear most types of armour.
You are amphibious.
You can wear up to eight rings at the same time.
Your skin changes colour to match your surroundings (Stealth+).
Your rubbery body absorbs attacks. (AC +1, EV +1)
((You are camouflaged when in or above water. (Stealth+)))
You have tentacles for arms and can constrict up to eight enemies at once.


Message History

One of your tentacles grows a vicious spike.
Casting: Beastly Appendage (safe; 3% risk of failure)
Confirm with . or Enter, or press ? or * to list all spells.
Your blood is infused with primal strength.
You climb downwards.
Level annotation: Grinder The gnoll hits you with a +0 flail!
There is a stone staircase leading up here.
You tentacle-slap the gnoll. You grab the gnoll.
Your tentacle spike misses the gnoll.
The gnoll is moderately wounded.
You constrict the gnoll, but do no damage.
You completely miss the gnoll.
You pierce the gnoll.
The gnoll is severely wounded.
You constrict the gnoll. You tentacle-slap the gnoll.
You feel a bit better.
You kill the gnoll!
The gnoll sergeant hits you from afar with a +1 trident of venom!
You are poisoned.
You feel very sick.
Items here: ))) ††.
You tentacle-slap the gnoll sergeant. Your grab misses the gnoll sergeant.
Your tentacle spike misses the gnoll sergeant.
You squeeze the gnoll sergeant!
The gnoll sergeant is heavily wounded.
You feel very sick.
The gnoll sergeant hits you with a +1 trident of venom!
* * * LOW HITPOINT WARNING * * *
You are more poisoned.
You feel better.
You tentacle-slap the gnoll sergeant but do no damage.
Your grab misses the gnoll sergeant. You squeeze the gnoll sergeant.
The gnoll sergeant is severely wounded.
You tentacle-slap the gnoll sergeant. Your grab misses the gnoll sergeant.
You pierce the gnoll sergeant, but do no damage.
The gnoll sergeant is severely wounded.
The gnoll hits you from afar with a +0 halberd.
* * * LOW HITPOINT WARNING * * *
The gnoll sergeant hits you with a +1 trident of venom!
You die...

#.......# #.......#
#####g### #†#
#####g########
#.............
#.###.########
#.#############
#.###.........gg@<#
#.....#############
#####.# ###


You could see a gnoll sergeant and a gnoll.

Vanquished Creatures
  Duvessa (D:4)
  A necrophage (D:4)
  A scorpion (D:4)
  2 jellies (D:4)
  Dowan (D:4)
  2 hounds
  3 iguanas
  An orc wizard (D:4)
  Ijyb (D:4)
  Robin (D:4)
  3 gnolls (D:5)
  5 adders
  An ufetubus (D:4)
  A worm (D:3)
  A dart slug (D:1)
  4 orcs
  3 endoplasms
  3 giant cockroaches
  11 hobgoblins
  4 jackals (D:1)
  7 quokkas
  6 ball pythons
  4 bats
  2 frilled lizards
  15 goblins
  7 kobolds
  4 rats
95 creatures vanquished.

Vanquished Creatures (others)
  A plant (D:4)
1 creature vanquished.

Grand Total: 96 creatures vanquished

Notes
Turn   | Place    | Note
-------+----------+-------------------------------------------
     0 | D:1      | iguanaiguana the Octopode Transmuter began the quest for
                  | the Orb.
     0 | D:1      | Reached XP level 1. HP: 13/13 MP: 3/3
   309 | D:1      | Reached XP level 2. HP: 18/18 MP: 3/5
   708 | D:1      | Found a faded altar of an unknown god.
   780 | D:1      | Reached XP level 3. HP: 23/23 MP: 3/6
  1650 | D:2      | Identified the +1 leather armour of Whack-A-Mole {rN+
                  | Regen+ Int+4 Slay-3}
  2339 | D:3      | Reached XP level 4. HP: 17/28 MP: 7/7
  2615 | D:2      | Learned a level 2 spell: Wereblood
  3227 | D:3      | Found Bamicalu's Distillery.
  3237 | D:3      | Bought a potion of curing for 33 gold pieces
  3237 | D:3      | Bought a potion of heal wounds for 55 gold pieces
  3237 | D:3      | Bought 2 potions of brilliance for 88 gold pieces
  3472 | D:3      | Reached skill level 4 in Unarmed Combat
  3472 | D:3      | Reached XP level 5. HP: 30/33 MP: 8/8
  3755 | D:3      | Upgraded the game from 0.29-a0-821-g66395355a5 to
                  | 0.29-a0-823-gc37b1572da
  3859 | D:4      | Reached skill level 5 in Unarmed Combat
  4422 | D:4      | Reached XP level 6. HP: 30/38 MP: 5/9
  4519 | D:4      | Reached skill level 6 in Unarmed Combat
  4524 | D:4      | Learned a level 4 spell: Ice Form
  5509 | D:4      | Got the Tome of Formation
  5518 | D:4      | Found a staircase to the Ecumenical Temple.
  5521 | D:4      | Noticed Duvessa
  5521 | D:4      | Noticed Dowan
  5540 | D:4      | Killed Duvessa
  5541 | D:4      | Reached XP level 7. HP: 43/43 MP: 10/10
  5628 | D:4      | Killed Dowan
  5636 | Temple   | Entered the Ecumenical Temple
  5820 | Temple   | Became a worshipper of Hepliaklqana the Forgotten
  5853 | D:4      | Noticed Ijyb
  5878 | D:4      | Killed Ijyb
  6033 | D:4      | Noticed Robin
  6050 | D:4      | Killed Robin
  6397 | D:5      | Entered Level 5 of the Dungeon
  6427 | D:5      | Noticed Grinder
  6726 | D:5      | Slain by a gnoll sergeant

Illustrated notes

Levels and vault maps discovered:
D:1:      lightli_arrival_farm, layout_loops_ring,
          shapermc_ecumenical_altar_notcrosses
D:2:      layout_loops_ring
D:3:      layout_rooms, serial_shops, shop, serial_corexii_hall,
          chequers_hall_statues_y, corexii_hall_statues_s,
          corexii_hall_statues_i, corexii_hall_statues_t, solitary_fountain,
          chequers_serial_rivers_room_a, kennysheep_cross_bottleneck
D:4:      layout_gridville, minmay_temple_entry_overgrown, minivault_26,
          uniq_ijyb, uniq_robin, uniq_duvessa
D:5:      minmay_clustersquares, layout_basic, gammafunk_temple_overflow_pools,
          uniq_grinder
Temple:   jpeg_temple_clearing

Skill      XL: |  1  2  3  4  5  6  7 |
---------------+----------------------+-----
Transmutations | 3 4 |  4.6
Unarmed Combat | 4 5 6 |  6.0
Ice Magic      | 3 4 |  4.7
Fighting       | |  1.0
Dodging        | |  2.0
Spellcasting   | |  2.0

Action                   |  1- 3 |  4- 6 |  7- 9 || total
-------------------------+-------+-------+-------++-------
Melee: Unarmed           |    93 |    89 |    55 ||   237
       Tentacles         |    16 |    17 |     8 ||    41
       Kick              |    31 |    17 |    25 ||    73
       Constrict         |    24 |    11 |    16 ||    51
       Punch             |       |     4 |     5 ||     9
Throw: Boomerang         |       |     8 |       ||     8
       Dart              |       |     6 |       ||     6
 Cast: Beastly Appendage |    24 |    18 |    10 ||    52
       Wereblood         |       |     6 |     8 ||    14
  Use: Potion            |     1 |     3 |     1 ||     5
       Scroll            |       |     5 |     2 ||     7
 Stab: Sleeping          |     8 |     2 |     1 ||    11
Armor: Skin              |    16 |    11 |     3 ||    30
Dodge: Dodged            |    53 |    57 |    39 ||   149

Table legend: (Time is in decaauts)
 A = Elapsed time spent in this place.
 B = Non-inter-level travel time spent in this place.
 C = Inter-level travel time spent in this place.
 D = Time resting spent in this place.
 E = Time spent auto-exploring this place.
 F = Levels seen in this place.
 G = Mean time per level.
                   A        B        C        D        E       F      G
               +--------+--------+--------+--------+--------+-----+--------+
         Total |   6713 |   6256 |    457 |   1442 |   3971 |   6 | 1118.8 |
       Dungeon |   6508 |   6096 |    412 |   1442 |   3827 |   5 | 1301.6 |
        Temple |    204 |    159 |     45 |      0 |    144 |   1 |  204.0 |
               +--------+--------+--------+--------+--------+-----+--------+

Top non-repeatable levels by time:
     D:4: 2190 daAuts
     D:3: 1771 daAuts
     D:1: 1537 daAuts
     D:2: 804 daAuts
     D:5: 205 daAuts
  Temple: 204 daAuts
